 Dungeon Crawl Stone Soup version 0.19-a0-1803-g97ff39f (webtiles) character file.

10558 MenacingMecha the Impaler (level 11, -9/89 HPs)
             Began as a Merfolk Gladiator on July 4, 2016.
             Was an Elder of Okawaru.
             Mangled by a spiny frog (20 damage)
             ... on level 10 of the Dungeon on Oct 5, 2016.
             The game lasted 01:47:49 (11551 turns).

MenacingMecha the Impaler (Merfolk Gladiator)      Turns: 11551, Time: 01:47:50

Health: -9/89      AC: 12    Str: 15    XL:     11   Next: 64%
Magic:  10/11      EV: 23    Int:  6    God:    Okawaru [****..]
Gold:   377        SH:  0    Dex: 20    Spells: 4 memorised, 3 levels left

rFire  . . .     SeeInvis +     l - +1 halberd (flame)
rCold  . . .     Gourm    .     x - +3 ring mail
rNeg   . . .     Faith    .     (shield currently unavailable)
rPois  .         Spirit   .     X - +0 hat {MR+} {MR+}
rElec  .         Dismiss  .     a - +0 cloak
rCorr  .         Reflect  .     N - +0 pair of gloves
MR     +....     Harm     .     (no boots)
Stlth  +++....... Rnd*Rage +    (no amulet)
                                (no ring)
                                L - ring of see invisible {sInv}

@: lethally poisoned (-9 -> -14), exhausted, heroism, slowed, very slow
A: change form in water, swift swim, stealthy swim, antennae 1, thin skeletal
structure 1, see invisible, berserk 1, dopey 1, regeneration 1, screaming 1
a: Heroism, Renounce Religion


You were on level 10 of the Dungeon.
You worshipped Okawaru.
Okawaru was greatly pleased with you.
You were not hungry.

You visited 3 branches of the dungeon, and saw 13 of its levels.
You also visited: Ossuary.

You collected 721 gold pieces.
You spent 344 gold pieces at shops.

Inventory:

Hand Weapons
 l - a +1 halberd of flaming (weapon)
   (You took it off a gnoll on level 5 of the Dungeon)
 t - a +0 blowgun
   (You took it off a kobold on level 3 of the Dungeon)
 S - a +5 arbalest
   (You found it on level 10 of the Dungeon)
Missiles
 d - 4 throwing nets
 o - 17 tomahawks (quivered)
 r - 477 stones
 u - 83 poisoned needles
Armour
 a - a +0 cloak (worn)
   (You took it off Maurice on level 9 of the Dungeon)
 x - a +3 ring mail (worn)
   (You took it off an orc priest on level 4 of the Dungeon)
 K - a +0 buckler
   (You found it on level 7 of the Dungeon)
 N - a +0 pair of gloves (worn)
   (You found it on level 7 of the Dungeon)
 T - a +0 pair of boots
   (You found it on level 10 of the Dungeon)
 X - a +0 hat of magic resistance (worn) {MR+}
   (You took it off Gastronok on level 8 of the Dungeon)
Jewellery
 L - a ring of see invisible (left hand) {sInv}
   (You found it on level 7 of the Dungeon)
Wands
 k - a wand of lightning (1/15)
   (You found it on level 5 of the Dungeon)
 v - a wand of disintegration (8/24)
   (You found it on level 9 of the Dungeon)
 R - a wand of iceblast (5/15)
   (You found it on level 9 of the Dungeon)
Scrolls
 b - a scroll of fear
 c - 2 scrolls of noise
 g - 10 scrolls of identify
 j - 7 scrolls of teleportation
 n - 2 scrolls of blinking
 p - 3 scrolls of recharging
 I - 2 scrolls of magic mapping
 J - 4 scrolls of remove curse
 V - a scroll of silence {unknown}
Potions
 e - a potion of might
 m - 4 potions of curing
 A - a potion of brilliance
 B - 2 potions of resistance
 C - a potion of berserk rage
 D - a potion of ambrosia
 G - a potion of lignification
 H - 3 potions of heal wounds
 M - 2 potions of haste
 U - a potion of magic
 Y - 2 potions of cancellation
Books
 s - a book of Fire
   (You found it on level 3 of the Dungeon)
 y - a book of Party Tricks
   (You found it on level 6 of the Dungeon)
 E - a book of the Dragon
   (You found it on level 7 of the Dungeon)
 F - a book of Misfortune
   (You found it on level 7 of the Dungeon)
 O - a book of Beasts
   (You found it on level 8 of the Dungeon)
 Q - a book of the Earth
   (You found it on level 7 of the Dungeon)
 W - a book of Death
   (You found it on level 10 of the Dungeon)
Comestibles
 f - 11 bread rations
 h - 2 slices of pizza
 i - a chunk of flesh
 q - 19 fruits
 w - 9 royal jellies
 z - 5 meat rations
 P - 7 beef jerkies


   Skills:
 - Level 9.3(14.3) Fighting
 - Level 16.3(21.3) Polearms
 - Level 2.0(7.0) Throwing
 - Level 2.0(7.0) Armour
 - Level 11.3(16.3) Dodging
 - Level 1.0(6.0) Stealth
 - Level 3.1 Hexes
 + Level 3.9 Summonings
 + Level 3.0 Ice Magic


You had 3 spell levels left.
You knew the following spells:

 Your Spells              Type           Power        Failure   Level  Hunger
a - Confusing Touch       Hex            #.....       28%         1    ##.....
b - Summon Ice Beast      Ice/Summ       #.......     99%         4    #####..
g - Apportation           Tloc           #.........   85%         1    ##.....
B - Summon Butterflies    Summ           #.......     21%         1    ##.....


Dungeon Overview and Level Annotations

Branches:
Dungeon (11/15)            Temple (1/1) D:7            Lair (1/6) D:10
    Orc: D:9-12

Altars:
Ashenzari
Cheibriados
Dithmenos
Elyvilon
Fedhas
Gozag
Hepliaklqana
Kikubaaqudgha
Makhleb
Nemelex Xobeh
Okawaru
Qazlal
Ru
Sif Muna
Trog
Uskayaw
Vehumet
Xom
Yredelemnul
Zin
The Shining One
Beogh

Shops:
D:9 ?*(

Annotations:
D:2 gold behind iron grate


Innate Abilities, Weirdness & Mutations

You revert to your normal form in water.
You are very nimble and swift while swimming.
You are very stealthy in the water. (Stealth+)
You have a pair of small antennae on your head.
You have a somewhat thin skeletal structure. (Dex +2, Stealth)
You have supernaturally acute eyesight. (SInv)
You tend to lose your temper in combat.
You are dopey. (Int -2)
Your natural rate of healing is unusually fast.
You occasionally shout uncontrollably at your foes.


Message History

No target in view!
You start resting.
You feel a strong urge to attack something.
You start resting.
You are no longer berserk.
You are exhausted.
You feel yourself slow down.
You are feeling hungry.
There is a staircase to the Lair here.
Eating one of 2 chunks of flesh.
You start eating one of the 2 chunks of flesh.
You continue eating. x2
You finish eating.
This raw flesh tastes terrible.
You climb downwards.
Welcome to the Lair of Beasts!
The spiny frog misses you. The crocodile closely misses you.
The spiny frog closely misses you. The river rat misses you.
The spiny frog stings you but does no damage.
The crocodile misses you. The spiny frog closely misses you.
The river rat misses you.
The spiny frog stings you but does no damage.
There is a staircase back to the Dungeon, spattered with blood here.
The spiny frog misses you. The crocodile misses you. The river rat misses you.
The spiny frog stings you!
The spiny frog stings you but does no damage.
The crocodile bites you!
You climb upwards.
Welcome back to the Dungeon!
There is a staircase to the Lair here.
The spiny frog completely misses you. The crocodile closely misses you.
The river rat closely misses you. The spiny frog closely misses you.
The spiny frog stings you but does no damage.
The crocodile completely misses you. The spiny frog stings you.
You are poisoned.
The spiny frog poisons you! The crocodile misses you.
The river rat closely misses you.
You feel very sick. The river rat barely misses you.
The spiny frog completely misses you. The spiny frog barely misses you.
You feel sick. The river rat barely misses you.
You feel sick. The spiny frog stings you.
You are more poisoned.
The spiny frog poisons you! The spiny frog barely misses you.
You feel very sick. The spiny frog stings you!!
You are more poisoned.
The spiny frog poisons you! The spiny frog stings you!
The river rat barely misses you.
* * * LOW HITPOINT WARNING * * *
You feel very sick. The spiny frog misses you.
The spiny frog barely misses you.
* * * LOW HITPOINT WARNING * * *
You feel very sick. The river rat barely misses you.
You feel better. The river rat barely misses you.
You gain the combat prowess of a mighty hero.
The river rat misses you. The river rat completely misses you.
Attack whom?
Press: ? - help, Dir - move target cursor, f - spiny frog
Aim: a spiny frog You reach to attack!
You slash the spiny frog! You burn the spiny frog.
The spiny frog is heavily wounded.
The river rat completely misses you.
Attack whom?
Press: ? - help, Dir - move target cursor, f/p - spiny frog
Aim: a spiny frog (heavily wounded)
You reach to attack!
You hit the spiny frog but do no damage.
The spiny frog is heavily wounded.
The river rat bites you.
Attack whom?
Press: ? - help, Dir - move target cursor, f/p - spiny frog
Aim: a spiny frog (heavily wounded)
The river rat is in the way.
You puncture the river rat! You burn the river rat.
You kill the river rat!
Okawaru accepts your kill.
You barely miss the spiny frog.
The spiny frog is heavily wounded.
The spiny frog closely misses you.
You closely miss the spiny frog.
The spiny frog is heavily wounded.
The spiny frog stings you.
* * * LOW HITPOINT WARNING * * *
The spiny frog stings you!
* * * LOW HITPOINT WARNING * * *
You are poisoned.
The spiny frog poisons you!
You slice the spiny frog!! You burn the spiny frog.
You kill the spiny frog!
Okawaru accepts your kill.
Your Ice Magic skill increases to level 3!
You feel sick.
The spiny frog stings you but does no damage.
You hit the spiny frog. You burn the spiny frog.
The spiny frog is moderately wounded.
You feel sick.
The spiny frog stings you but does no damage.
You barely miss the spiny frog.
The spiny frog is moderately wounded.
You feel sick. The spiny frog stings you!!
You die...

.##.#............>.....# #.#
.##.+..>.......)..†....# #.#
.####..................# #.# .#
#####+##...........# #.# ##
#..#...........# #.# #
######.#...........# #.## #
#............t.....# #..#
#.........###F####.####'###
#.........# #@# #.........#
#.........###.###.........#
#..............#.....[....# #
#.........####.#.#........#
#####.........# #...#........#
....#.........# #..##........#
..............# #...'........#
###...........#####.##........#
....................###########


You could see a spiny frog and a crocodile.

Vanquished Creatures
  Gastronok (D:8)
  An unseen horror (D:10)
  A hill giant (D:10)
  Pikel (D:5)
  Maurice (D:9)
  Joseph (D:9)
  A spiny frog (D:10)
  2 trolls
  A two-headed ogre (D:9)
  2 wraiths
  A wyvern (D:8)
  2 hippogriffs
  A soldier ant (D:9)
  A water moccasin (D:10)
  Edmund (D:6)
  A porcupine (D:10)
  A black bear (D:9)
  A slave (D:5)
  4 ice beasts
  5 orc warriors
  2 removed
  MONS_WASPs (D:9)
  A necrophage (D:10)
  7 ogres
  4 centaurs
  6 bullfrogs
  3 scorpions
  5 wights (D:9)
  2 howler monkeys
  3 crimson imps
  2 bullfrog zombies
  3 hounds
  2 quasits
  A gnoll shaman (D:5)
  8 orc priests
  2 bullfrog skeletons (D:4)
  A jelly (D:8)
  13 orc wizards
  Ijyb (D:3)
  5 iguanas
  7 worker ants
  A hell rat (D:10)
  A hound zombie (D:9)
  A mummy (Ossuary)
  Robin (D:4)
  7 gnolls
  14 adders
  7 river rats (D:10)
  A shadow imp (D:6)
  2 oozes
  An adder zombie (D:7)
  2 worms
  5 leopard geckos
  47 orcs
  A ball python (D:2)
  6 giant cockroaches
  19 goblins
  8 hobgoblins
  7 jackals
  10 kobolds
  8 quokkas
  9 bats
  4 frilled lizards
  6 gnoll skeletons (Ossuary)
  4 kobold skeletons (Ossuary)
  15 orc skeletons (Ossuary)
  A quokka skeleton (D:4)
  11 rats
307 creatures vanquished.

Vanquished Creatures (others)
  An orc wizard (D:6)
1 creature vanquished.

Grand Total: 308 creatures vanquished

Notes
Turn   | Place    | Note
-------+----------+-------------------------------------------
     0 | D:1      | MenacingMecha the Merfolk Gladiator began the quest for the Orb.
     0 | D:1      | Reached XP level 1. HP: 16/16 MP: 1/1
    32 | D:1      | Upgraded the game from 0.19-a0-879-gdac7d08 to 0.19-a0-979-g9f96267
   110 | D:1      | Reached skill level 5 in Polearms
   180 | D:1      | Reached XP level 2. HP: 22/22 MP: 2/2
   721 | D:2      | Reached skill level 6 in Polearms
   721 | D:2      | Reached XP level 3. HP: 27/27 MP: 3/3
  1003 | D:2      | Reached XP level 4. HP: 33/33 MP: 4/4
  1022 | D:2      | Reached skill level 7 in Polearms
  1156 | D:2      | Upgraded the game from 0.19-a0-979-g9f96267 to 0.19-a0-994-g3c636f0
  1412 | D:2      | Found a glowing silver altar of Zin.
  1607 | D:3      | Noticed Ijyb
  1642 | D:3      | HP: 8/34 [Ijyb (5)]
  1646 | D:3      | Killed Ijyb
  1646 | D:3      | Reached skill level 3 in Fighting
  2003 | D:3      | Reached XP level 5. HP: 41/41 MP: 5/5
  2027 | D:3      | Upgraded the game from 0.19-a0-994-g3c636f0 to 0.19-a0-1008-g4c63d25
  2361 | D:3      | Found a faded altar of an unknown god.
  2700 | D:4      | Reached skill level 4 in Fighting
  2743 | D:4      | Reached skill level 5 in Fighting
  2979 | D:3      | Reached XP level 6. HP: 47/51 MP: 6/6
  3032 | D:4      | Noticed Robin
  3053 | D:4      | Killed Robin
  3060 | D:4      | Reached skill level 1 in Armour
  3220 | D:4      | Reached skill level 5 in Dodging
  3665 | D:4      | Reached skill level 6 in Dodging
  3665 | D:4      | Reached XP level 7. HP: 54/56 MP: 7/7
  3895 | D:5      | Entered Level 5 of the Dungeon
  3900 | D:5      | Got a dazzling chain mail
  3911 | D:5      | Identified the cursed +0 chain mail "Inoqipn" {rN+ Str+4 Dex-5} (You found it on level 5 of the Dungeon)
  4266 | D:5      | Reached skill level 8 in Polearms
  4312 | D:5      | Reached skill level 9 in Polearms
  4416 | D:5      | Noticed Pikel
  4938 | D:5      | Found a deep blue altar of Sif Muna.
  4943 | D:5      | Reached skill level 10 in Polearms
  4946 | D:5      | Reached XP level 8. HP: 62/62 MP: 8/8
  5027 | D:6      | Found an opulent altar of Gozag.
  5296 | D:6      | Reached skill level 11 in Polearms
  5365 | D:6      | Learned a level 1 spell: Apportation
  5367 | D:6      | Learned a level 1 spell: Summon Butterflies
  5495 | D:6      | Reached skill level 12 in Polearms
  5976 | D:6      | Noticed Edmund
  6012 | D:6      | Killed Edmund
  6012 | D:6      | Reached skill level 13 in Polearms
  6292 | D:6      | Found a blossoming altar of Fedhas.
  6292 | D:6      | Found a shimmering altar of Xom.
  6347 | D:7      | Upgraded the game from 0.19-a0-1008-g4c63d25 to 0.19-a0-1041-g82b1012
  6454 | D:7      | Found a burning altar of Makhleb.
  6455 | D:7      | Found a snail-covered altar of Cheibriados.
  6511 | D:7      | Upgraded the game from 0.19-a0-1041-g82b1012 to 0.19-a0-1047-g4b671ad
  6550 | D:7      | Found a sand-covered staircase.
  6564 | Ossuary  | Entered an ossuary
  6564 | Ossuary  | Noticed a wraith
  6564 | Ossuary  | Noticed a wraith
  6564 | Ossuary  | Noticed a wraith
  6596 | Ossuary  | Reached XP level 9. HP: 68/68 MP: 9/9
  6724 | Ossuary  | Reached skill level 14 in Polearms
  6914 | D:7      | Found a staircase to the Ecumenical Temple.
  6919 | Temple   | Entered the Ecumenical Temple
  6945 | Temple   | Became a worshipper of Warmaster Okawaru
  7532 | D:7      | Reached skill level 15 in Polearms
  8179 | D:5      | Killed Pikel
  8179 | D:5      | Reached * piety under Okawaru
  8179 | D:5      | Reached skill level 16 in Polearms
  8360 | D:8      | Reached skill level 7 in Dodging
  8365 | D:8      | Reached XP level 10. HP: 74/74 MP: 10/10
  8371 | D:8      | Reached skill level 8 in Dodging
  8738 | D:8      | Reached ** piety under Okawaru
  8738 | D:8      | Reached skill level 6 in Fighting
  8851 | D:8      | Noticed Gastronok
  8890 | D:8      | Killed Gastronok
  8890 | D:8      | Reached skill level 9 in Fighting
  8893 | D:8      | Learned a level 1 spell: Confusing Touch
  9299 | D:8      | Gained mutation: You have a somewhat thin skeletal structure. (Dex +2, Stealth) [potion of beneficial mutation]
  9307 | D:8      | Gained mutation: You are dopey. (Int -2) [potion of mutation]
  9307 | D:8      | Gained mutation: You have a pair of small antennae on your head. [potion of mutation]
  9307 | D:8      | Gained mutation: You occasionally shout uncontrollably at your foes. [potion of mutation]
  9308 | D:8      | Gained mutation: You have supernaturally acute eyesight. (SInv) [potion of mutation]
  9308 | D:8      | Gained mutation: You tend to lose your temper in combat. [potion of mutation]
  9308 | D:8      | Gained mutation: Your natural rate of healing is unusually fast. [potion of mutation]
  9437 | D:9      | Reached skill level 2 in Armour
  9463 | D:9      | Noticed Maurice
  9475 | D:9      | Killed Maurice
  9475 | D:9      | Reached skill level 9 in Dodging
  9508 | D:9      | Found Guhinig's Magic Scroll Boutique.
  9511 | D:9      | Bought 2 scrolls of blinking for 150 gold pieces
  9645 | D:9      | Found Dicsamn's Weapon Emporium.
  9750 | D:9      | Reached XP level 11. HP: 89/89 MP: 11/11
  9753 | D:9      | Reached skill level 10 in Dodging
  9850 | D:9      | Reached *** piety under Okawaru
  9905 | D:9      | Noticed Joseph
  9909 | D:9      | Found Ikuemapp's Assorted Antiques.
  9918 | D:9      | Killed Joseph
  9940 | D:9      | Bought 2 fizzy coppery potions for 36 gold pieces
  9940 | D:9      | Bought a sapphire potion for 18 gold pieces
  9974 | D:9      | Found a deep blue altar of Sif Muna.
 10044 | D:9      | Reached skill level 11 in Dodging
 10047 | D:9      | Upgraded the game from 0.19-a0-1047-g4b671ad to 0.19-a0-1311-gdcfd90a
 10113 | D:9      | Bought a pitted leather armour for 140 gold pieces
 10128 | D:9      | Identified the cursed +1 leather armour of Immorality {Str+4} (You bought it in a shop on level 9 of the Dungeon)
 10191 | D:9      | Found Nussuole's Weapon Emporium.
 10389 | D:9      | Reached skill level 1 in Stealth
 10505 | D:10     | Entered Level 10 of the Dungeon
 10624 | D:10     | Reached skill level 1 in Hexes
 10663 | D:10     | Found a roughly hewn altar of Beogh.
 10677 | D:10     | Learned a level 4 spell: Summon Ice Beast
 10767 | D:10     | Reached skill level 1 in Summonings
 10844 | D:10     | Reached **** piety under Okawaru
 10844 | D:10     | Reached skill level 2 in Hexes
 10955 | D:10     | Found a staircase to the Lair.
 10999 | D:10     | Noticed a hill giant
 11011 | D:10     | Killed a hill giant
 11011 | D:10     | Reached skill level 3 in Hexes
 11011 | D:10     | Reached skill level 2 in Summonings
 11381 | D:10     | Found a bloodstained altar of Trog.
 11392 | D:10     | Upgraded the game from 0.19-a0-1311-gdcfd90a to 0.19-a0-1803-g97ff39f
 11415 | D:11     | Noticed an unseen horror
 11417 | D:11     | Received a gift from Okawaru
 11417 | D:11     | Reached skill level 3 in Summonings
 11417 | D:11     | Reached skill level 1 in Ice Magic
 11432 | D:10     | Killed an unseen horror
 11432 | D:10     | Reached skill level 2 in Ice Magic
 11503 | Lair:1   | Entered Level 1 of the Lair of Beasts
 11541 | D:10     | HP: 20/89 [poisoned by a spiny frog]
 11548 | D:10     | HP: 14/89 [spiny frog (11)]
 11549 | D:10     | Reached skill level 3 in Ice Magic
 11551 | D:10     | Mangled by a spiny frog

Vault maps used:
D:1:      scummos_arrival_simple_crosswalls, solitary_fountain
D:2:      zin_treasury
D:3:      kennysheep_the_goblin_king, ecumenical_altar_1
D:4:      uniq_robin
D:5:      first_bread, led_sif_pool, uniq_pikel
D:6:      gammafunk_temple_overflow_elements, lemuel_round_altar, uniq_edmund
D:7:      gammafunk_temple_overflow_statue, nicolae_ossuary_entry_monument,
          hangedman_decor_slide_cut
D:8:      serial_bayou_crossing, uniq_gastronok
D:9:      kennysheep_mini, serial_shops, kennysheep_mini_moat, shop_fountains,
          nicolae_shop_overgrown_old_shop, shop, hangedman_pestilent_swarm,
          uniq_joseph, uniq_maurice
D:10:     dpeg_lair_monsters, david_defended_altar_orc
Temple:   regret_index_temple_generic_petals
Lair:1:   grunt_megastairs_5, uniq_fannar
Ossuary:  ossuary_due_mausoleum

Skill      XL: |  1  2  3  4  5  6  7  8  9 10 11 |
---------------+----------------------------------+-----
Polearms       | 5 6 7 10 13 16 | 16.3
Fighting       | 3 5 9 |  9.3
Armour         | 1 2 |  2.0
Dodging        | 6 7 9 11 | 11.3
Stealth        | 1 |  1.0
Hexes          | 3 |  3.1
Summonings     | 3 |  3.9
Ice Magic      | 3 |  3.0
Throwing       | |  2.0

Action                   |  1- 3 |  4- 6 |  7- 9 | 10-12 || total
-------------------------+-------+-------+-------+-------++-------
Melee: Trident           |    97 |   260 |    74 |       ||   431
       Halberd           |       |       |   317 |   314 ||   631
 Fire: Blowgun           |       |    11 |    27 |       ||    38
Throw: Tomahawk          |       |     8 |    41 |    85 ||   134
       Throwing net      |       |       |       |     3 ||     3
Invok: Heroism           |       |       |       |     4 ||     4
Evoke: Wand              |       |       |     1 |       ||     1
  Use: Potion            |       |     2 |     2 |     4 ||     8
       Scroll            |       |       |     7 |    15 ||    22
 Stab: Sleeping          |       |       |       |     3 ||     3
       Distracted        |       |       |       |     1 ||     1
  Eat: Chunk             |       |     9 |    15 |    13 ||    37
Armor: Leather armour    |     3 |       |       |       ||     3
       Ring mail         |    24 |    63 |   100 |    47 ||   234
Dodge: Dodged            |    47 |   140 |   161 |   158 ||   506

Vault maps used:
D:1:      scummos_arrival_simple_crosswalls, solitary_fountain
D:2:      zin_treasury
D:3:      kennysheep_the_goblin_king, ecumenical_altar_1
D:4:      uniq_robin
D:5:      first_bread, led_sif_pool, uniq_pikel
D:6:      gammafunk_temple_overflow_elements, lemuel_round_altar, uniq_edmund
D:7:      gammafunk_temple_overflow_statue, nicolae_ossuary_entry_monument,
          hangedman_decor_slide_cut
D:8:      serial_bayou_crossing, uniq_gastronok
D:9:      kennysheep_mini, serial_shops, kennysheep_mini_moat, shop_fountains,
          nicolae_shop_overgrown_old_shop, shop, hangedman_pestilent_swarm,
          uniq_joseph, uniq_maurice
D:10:     dpeg_lair_monsters, david_defended_altar_orc
Temple:   regret_index_temple_generic_petals
Lair:1:   grunt_megastairs_5, uniq_fannar
Ossuary:  ossuary_due_mausoleum

Table legend:
 A = Turns spent in this place as a percentage of turns spent in the entire game.
 B = Non-inter-level travel turns spent in this place as a percentage of non-inter-level travel turns spent in the entire game.
 C = Inter-level travel turns spent in this place as a percentage of turns spent in this place.
 D = Turns resting spent in this place as a percentage of non-inter-level travel turns spent in this place.
 E = Turns spent auto-exploring this place as a percentage of non-inter-level travel turns spent in this place.
 F = Non-inter-level travel turns spent in this place divided by the number of levels of this place that you've seen.
                   A       B       C       D       E      F
               +-------+-------+-------+-------+-------+----------------------
         Total | 100.0 | 100.0 |   0.6 |   1.2 |   4.6 | 337.6
       Dungeon |  94.9 |  94.9 |   0.6 |   1.3 |   4.5 | 407.6
        Temple |   0.7 |   0.6 |   3.2 |   0.0 |  43.3 |  30.0
          Lair |   0.1 |   0.1 |   0.0 |   0.0 |   0.0 |   3.0
       Ossuary |   4.4 |   4.4 |   0.0 |   0.0 |   0.0 | 209.0
               +-------+-------+-------+-------+-------+----------------------

Table legend:
 A = Kills in this place as a percentage of kills in entire the game.
 B = Kills by you in this place as a percentage of kills by you in the entire game.
 C = Kills by friends in this place as a percentage of kills by friends in the entire game.
 D = Other kills in this place as a percentage of other kills in the entire game.
 E = Experience gained in this place as a percentage of experience gained in the entire game.
 F = Experience gained in this place divided by the number of levels of this place that you have seen.
                   A       B       C       D       E      F
               +-------+-------+-------+-------+-------+----------------------
         Total | 100.0 | 100.0 |  -nan |  -nan | 100.0 | 1077.4
       Dungeon |  91.2 |  91.2 |  -nan |  -nan |  98.3 | 1347.9
       Ossuary |   8.8 |   8.8 |  -nan |  -nan |   1.7 | 257.0
               +-------+-------+-------+-------+-------+----------------------
